 Dungeon Crawl Stone Soup version 0.24.0-2-g5b39cebb1c (webtiles) character file.

Game seed: 7734699496861176094, levelgen mode: deterministic

357 Gynju the Magician (level 6, -4/32 HPs)
             Began as a Deep Elf Fire Elementalist on Oct 30, 2019.
             Slain by a gnoll
             ... wielding a +0 flail
              (5 damage)
             ... on level 4 of the Dungeon.
             The game lasted 00:05:44 (3873 turns).

Gynju the Magician (Deep Elf Fire Elementalist)     Turns: 3873, Time: 00:05:44

Health: -4/32      AC:  3    Str:  5    XL:     6   Next: 36%
Magic:  11/15      EV:  7    Int: 22    God:
Gold:   125        SH:  0    Dex: 15    Spells: 7/15 levels left

rFire    . . .     SeeInvis .   o - +3 quarterstaff (chaos)
rCold    . . .     Gourm    .   (shield currently unavailable)
rNeg     . . .     Faith    .   a - +0 robe
rPois    .         Spirit   .   (no helmet)
rElec    .         Reflect  .   p - +0 cloak (curse)
rCorr    .         Harm     .   (no gloves)
MR       .....                  (no boots)
Stlth    ++........             (no amulet)
HPRegen  0.10/turn              (no ring)
MPRegen  0.14/turn              (no ring)

@: held
A: no striking features
a: no special abilities


You were on level 4 of the Dungeon.
You were not hungry.

You visited 1 branch of the dungeon, and saw 4 of its levels.

You collected 125 gold pieces.

Inventory:

Hand Weapons
 f - a +0 long sword
 h - a +2 dagger of venom
 o - a +3 quarterstaff of chaos (weapon)
Missiles
 q - 17 poisoned darts (quivered)
 s - a throwing net
Armour
 a - a +0 robe (worn)
 p - a cursed +0 cloak (worn)
Jewellery
 l - an uncursed ring of protection from cold {unknown}
Scrolls
 b - 2 scrolls of magic mapping {unknown}
 d - a scroll of teleportation {unknown}
 g - 3 scrolls of identify {unknown}
 r - a scroll of remove curse {unknown}
Potions
 e - 3 potions of curing {unknown}
 i - a potion of resistance {unknown}
 j - a potion of invisibility {unknown}
 k - a potion of flight {unknown}
 m - a potion of lignification {unknown}
 n - a potion of agility {unknown}
 u - a potion of cancellation {unknown}
Comestibles
 c - 5 rations
 t - a chunk of flesh


   Skills:
 + Level 4.5 Dodging
 - Level 2.4 Stealth
 + Level 5.2 Spellcasting
 + Level 3.6 Conjurations
 + Level 4.8 Fire Magic


You had 7 spell levels left.
You knew the following spells:

 Your Spells              Type           Power        Failure   Level  Hunger
a - Flame Tongue          Conj/Fire      ###..        1%          1    None
b - Conjure Flame         Conj/Fire      ###.....     5%          3    ##.....
c - Sticky Flame          Conj/Fire      ###.....     17%         4    ####...

Your spell library contained the following spells:

 Spells                   Type           Power        Failure   Level  Hunger
 Throw Flame              Conj/Fire      ###...       2%          2    None
 Inner Flame              Hex/Fire       ###.....     11%         3    ##.....
 Fireball                 Conj/Fire      ###.......   43%         5    #####..


Dungeon Overview and Level Annotations

Branches:
Dungeon (4/15)
 Temple: D:4-7

Altars:

Annotations:
D:3 Sigmund


Message History

Aiming: Flame Tongue (safe; 1% risk of failure)
Press: ? - help, Shift-Dir - straight line, f/p - gnoll
Aim: a gnoll, wielding a -2 whip (heavily wounded)
The flame tongue hits the gnoll.
The gnoll is almost dead.
The gnoll barely misses you. The gnoll hits you with a +0 flail.
The gnoll hits you with a +0 halberd!
The gnoll hits you with a cursed -2 whip.
* * * LOW HITPOINT WARNING * * *
Casting: Flame Tongue (safe; 1% risk of failure)
Confirm with . or Enter, or press ? or * to list all spells.
Aiming: Flame Tongue (safe; 1% risk of failure)
Press: ? - help, Shift-Dir - straight line, f/p - gnoll
Aim: a gnoll, wielding a -2 whip (almost dead)
The flame tongue hits the gnoll.
You kill the gnoll!
The gnoll hits you from afar with a +0 spear.
* * * LOW HITPOINT WARNING * * *
The gnoll hits you with a +0 flail.
You die...

##.......##
#..........
#..........
#..........
#..........
#..g.......
#.g.g......
#.)@.......
#######+###


You could see 3 gnolls.

Vanquished Creatures
  Crazy Yiuf (D:2)
  Jessica (D:2)
  Terence (D:3)
  Natasha (thrice) (D:2)
  Robin (D:2)
  4 gnolls
  8 adders
  An ooze (D:1)
  2 worms (D:2)
  2 dart slugs
  A leopard gecko (D:1)
  An orc (D:3)
  2 giant cockroaches (D:1)
  11 goblins
  6 hobgoblins
  4 jackals (D:3)
  2 ball pythons
  5 bats
  A frilled lizard (D:2)
  8 kobolds
  6 rats
71 creatures vanquished.

Notes
Turn   | Place    | Note
-------+----------+-------------------------------------------
     0 | D:1      | Gynju the Deep Elf Fire Elementalist began the quest for
                  | the Orb.
     0 | D:1      | Reached XP level 1. HP: 10/10 MP: 6/6
   158 | D:1      | Reached XP level 2. HP: 15/15 MP: 4/8
  1148 | D:2      | Reached XP level 3. HP: 19/19 MP: 8/10
  1153 | D:2      | Learned a level 3 spell: Conjure Flame
  1477 | D:2      | Reached XP level 4. HP: 9/24 MP: 1/11
  1751 | D:1      | Learned a level 4 spell: Sticky Flame
  1987 | D:2      | Reached skill level 4 in Spellcasting
  2195 | D:2      | Noticed Natasha
  2202 | D:2      | Killed Natasha
  2368 | D:2      | Noticed Jessica
  2374 | D:2      | Killed Jessica
  2418 | D:2      | Noticed Natasha
  2424 | D:2      | Killed Natasha
  2424 | D:2      | Reached XP level 5. HP: 28/28 MP: 9/13
  2625 | D:2      | Found a runed translucent door.
  2626 | D:2      | Noticed Crazy Yiuf
  2646 | D:2      | Noticed Robin
  2651 | D:2      | Killed Robin
  2812 | D:2      | Killed Crazy Yiuf
  2935 | D:2      | Noticed Natasha
  2937 | D:2      | Killed Natasha
  3230 | D:3      | Reached skill level 5 in Spellcasting
  3230 | D:3      | Reached XP level 6. HP: 32/32 MP: 11/15
  3294 | D:3      | Noticed Terence
  3316 | D:3      | Killed Terence
  3763 | D:3      | Noticed Sigmund
  3873 | D:4      | HP: 1/32 [gnoll/+0 spear (3)]
  3873 | D:4      | Slain by a gnoll

Levels and vault maps discovered:
D:1:      psy_arrival_terrarium, layout_basic, amethyst_killhole
D:2:      layout_loops_ring, ebering_dispersal_statue_hall,
          uniq_crazy_yiuf_cottage, uniq_jessica, uniq_robin, uniq_natasha
D:3:      layout_rooms, first_ration, uniq_terence, uniq_sigmund
D:4:      layout_gridville, gammafunk_temple_overflow_pools, serial_shops,
          nicolae_shop_temple_entry_statues_fountains, uniq_pikel

Skill      XL: |  1  2  3  4  5 |
---------------+----------------+-----
Dodging        | 3 4 |  4.5
Conjurations   | 2 3 |  3.6
Spellcasting   | 4 5 |  5.2
Fire Magic     | 4 |  4.8
Stealth        | |  2.4

Action                   |  1- 3 |  4- 6 || total
-------------------------+-------+-------++-------
Melee: Unarmed           |     2 |       ||     2
       Long sword        |       |     2 ||     2
       Quarterstaff      |       |     6 ||     6
Throw: Dart              |       |     2 ||     2
 Cast: Flame Tongue      |    61 |    88 ||   149
       Conjure Flame     |       |     4 ||     4
  Eat: Chunk             |     1 |     8 ||     9
Armor: Robe              |     8 |     8 ||    16
Dodge: Dodged            |    31 |    24 ||    55
       Rpst.: Long sword |     2 |     1 ||     3
